 Dungeon Crawl Stone Soup version 0.23-a0-49-gd9f7a49668 (webtiles) character file.

16 Minion the Ruffian (level 2, 0/24 HPs)
             Began as a Ghoul Warper on May 3, 2018.
             Slain by a goblin (2 damage)
             ... on level 2 of the Dungeon on Aug 6, 2018.
             The game lasted 00:01:42 (694 turns).

Minion the Ruffian (Ghoul Warper)                    Turns: 694, Time: 00:01:42

Health: 0/24       AC:  3    Str: 14    XL:     2   Next: 58%
Magic:  4/4        EV: 11    Int:  8    God:
Gold:   32         SH:  0    Dex:  8    Spells: 5/5 levels left

rFire    . . .     SeeInvis .     - Unarmed
rCold    + . .     Gourm    .   (no shield)
rNeg     + + +     Faith    .   a - +0 leather armour
rPois    ∞         Spirit   .   (no helmet)
rElec    .         Reflect  .   (no cloak)
rCorr    .         Harm     .   (no gloves)
MR       .....                  (no boots)
Stlth    +.........             (no amulet)
HPRegen  0.00/turn              (no ring)
MPRegen  0.09/turn              (no ring)

@: rotting
A: rotting body, claws 1, carnivore, cold resistance 1, negative energy
resistance 3, inhibited regeneration, torment resistance, unbreathing
a: no special abilities


You were on level 2 of the Dungeon.
You were not hungry.

You visited 1 branch of the dungeon, and saw 2 of its levels.

You collected 32 gold pieces.

Inventory:

Missiles
 d - 5 tomahawks of dispersal (quivered)
Armour
 a - a +0 leather armour (worn)
Scrolls
 b - a scroll of random uselessness {unknown}
 c - a scroll of blinking
 e - 2 scrolls of immolation {unknown}
 h - a scroll of amnesia {unknown}
Comestibles
 f - a ration
 g - a chunk of flesh


   Skills:
 + Level 2.2 Fighting
 - Level 0.8 Throwing
 - Level 0.8 Armour
 - Level 1.7 Dodging
 + Level 2.9 Unarmed Combat
 - Level 2.2 Spellcasting
   Level 2.6 Translocations


You had 5 spell levels left.
You didn't know any spells.
Your spell library contained the following spells:

 Spells                   Type           Power        Failure   Level  Hunger
 Teleport Other           Tloc           #.......     41%         3    ####...
 Blink                    Tloc           N/A          22%         2    ###....
 Passage of Golubria      Tloc           N/A          82%         4    #####..
 Shroud of Golubria       Chrm/Tloc      #.........   36%         2    ###....
 Gell's Gravitas          Tloc           #.........   41%         3    ####...
 Lesser Beckoning         Tloc           #.........   41%         3    ####...


Dungeon Overview and Level Annotations

Branches:
Dungeon (2/15)

Altars:


Innate Abilities, Weirdness & Mutations

Your body is rotting away.
You thrive on raw meat.
You are immune to poison.
You have sharp fingernails.
You are carnivorous and can eat meat at any time.
Your flesh is cold resistant. (rC+)
You are immune to negative energy. (rN+++)
You do not regenerate when monsters are visible.
You are immune to unholy pain and torment.
You can survive without breathing.


Message History

The adder bites you.
* * * LOW HITPOINT WARNING * * *
You are too injured to fight recklessly!
You scratch the fungus.
The fungus is heavily damaged.
The goblin hits the fungus with a club.
The adder barely misses you. The goblin misses you.
The goblin completely misses you.
You are too injured to fight recklessly!
You scratch the fungus.
The fungus is heavily damaged.
The goblin hits the fungus but does no damage.
The adder bites you.
* * * LOW HITPOINT WARNING * * *
The goblin hits you but does no damage. x2
You are too injured to fight recklessly!
You scratch the fungus.
The fungus is heavily damaged.
The adder barely misses you.
The goblin hits the fungus with a club.
The goblin hits you.
You die...

## ### # .# #.#
< . #.# .# #K
#.##.## .
###g##.#...#.#
#.#PPPPP......#
#.[P$$P.)#...#
#..P$$$P@g..#
#.#P$$$PSg###
.!.PPPPP..#
#.###.....# #
##...## #.###
.( ##.


You could see an adder, 3 goblins and a kobold.

Vanquished Creatures
  A ball python (D:1)
  A bat (D:1)
  A goblin (D:1)
  3 hobgoblins (D:1)
  4 kobolds
  4 frilled lizards (D:1)
14 creatures vanquished.

Notes
Turn   | Place    | Note
-------+----------+-------------------------------------------
     0 | D:1      | Minion the Ghoul Warper began the quest for the Orb.
     0 | D:1      | Reached XP level 1. HP: 17/17 MP: 2/2
   282 | D:1      | Reached XP level 2. HP: 15/24 MP: 4/4
   694 | D:2      | Slain by a goblin

Vault maps used:
D:1:      dpeg_arrival_water_temple_mockup, minmay_misc_feat_four_crosses
D:2:      kb_forest_paths, minmay_gold_behind_fungi

Skill      XL: |  1 |
---------------+----+-----
Spellcasting   | 2 |  2.2
Fighting       | |  2.2
Throwing       | |  0.8
Armour         | |  0.8
Dodging        | |  1.7
Unarmed Combat | |  2.9
Translocations | |  2.6

Action                   || total
-------------------------++-------
Melee: Unarmed           ||    63
  Eat: Chunk             ||     1
Armor: Leather armour    ||    24
Dodge: Dodged            ||    36

Table legend:
 A = Spawn XP
 B = Non-spawn XP
 C = Spawn XP percentage of total XP
 D = Spawn monster count
 E = Non-spawn monster count
 F = Spawn count percentage of total count
 G = Total turns spent on level
                    A         B        C        D         E        F      G
               +---------+---------+-------+---------+---------+-------+---------
         Total |       0 |      24 |   0.0 |       0 |      14 |   0.0 |   694
               +---------+---------+-------+---------+---------+-------+---------
           D:1 |       0 |      22 |   0.0 |       0 |      13 |   0.0 |   673
           D:2 |       0 |       2 |   0.0 |       0 |       1 |   0.0 |    21
               +---------+---------+-------+---------+---------+-------+---------
